 Dungeon Sprint DCSS version 0.31.0-12-g77e489cdc1 (webtiles) character file.

Game seed: 865046343937998556

1810 CougarLife the Grappler (level 8, -6/88 HPs)
             Began as a Troll Gladiator on Feb 27, 2024.
             Was an Elder of Cheibriados.
             Mangled by a shadow (8 damage)
             ... in the Dungeon (Sprint IX: "|||||||||||||||||||||||||||||").
             The game lasted 00:01:22 (332 turns).

CougarLife the Grappler (Troll Gladiator)            Turns: 332, Time: 00:01:22

Health: -6/88      AC:  5    Str: 34    XL:     8   Next: 84%
Magic:  7/7        EV: 16    Int: 16    God:    Cheibriados [****..]
Gold:   0          SH:  0    Dex: 23    Spells: 7/7 levels left

rFire   . .          .
                       - Unarmed
rCold   . . .        (no shield)
rNeg    . . .        a - +0 robe
rPois   .            b - +0 hat
rElec   .            n - +0 cloak
rCorr   .            (gloves unavailable)
SInv    .            (boots unavailable)
Will    .....        (no amulet)
Stlth   ++           o - +3 ring of dexterity
HPRegen 1.14/turn    p - +3 ring of intelligence
MPRegen 0.10/turn

%: no teleportation
@: very slow
A: large, unfitting armour, claws 3, regeneration 1, shaggy fur 1, tough skin 1
a: Renounce Religion, Bend Time, Temporal Distortion, Slouch


You were in the Dungeon.
You worshipped Cheibriados.
Cheibriados was greatly pleased with you.
You visited 1 branch

Inventory:

Missiles
 c - 3 throwing nets (quivered)
 d - a large rock
Armour
 a - a +0 robe (worn)
 b - a +0 hat (worn)
 n - a +0 cloak (worn)
Jewellery
 o - a +3 ring of dexterity (left claw)
 p - a +3 ring of intelligence (right claw)
Wands
 m - a wand of light (10)
Scrolls
 j - 2 scrolls of blinking
 l - 2 scrolls of amnesia
Potions
 e - 4 potions of curing
 g - a potion of haste
 h - 4 potions of magic
 i - a potion of berserk rage
 k - a potion of invisibility


   Skills:
 + Level 7.7 Fighting
 + Level 8.4 Throwing
 + Level 8.0 Dodging
 * Level 12.9 Unarmed Combat


You had 7 spell levels left.
You didn't know any spells.
Your spell library was empty.

Dungeon Overview and Level Annotations

Branches:
Dungeon (1/1)

Altars:
Cheibriados
Dithmenos
Elyvilon
Fedhas
Gozag
Hepliaklqana
Kikubaaqudgha
Makhleb
Nemelex Xobeh
Okawaru
Qazlal
Ru
Sif Muna
Trog
Uskayaw
Vehumet
Wu Jian
Xom
Yredelemnul
Zin
The Shining One
Jiyva
Lugonu


Innate Abilities, Weirdness & Mutations

You are too large for most types of armour.
You have claws for hands.
Your natural rate of healing is unusually fast.
You are covered in fur. (AC +1)
You have tough skin. (AC +1)


Message History

* * * LOW HITPOINT WARNING * * *
You claw the boulder beetle!
The boulder beetle is lightly wounded.
You barely miss the boulder beetle.
The boulder beetle is lightly wounded.
The boulder beetle bites you.
* * * LOW HITPOINT WARNING * * *
You claw the boulder beetle!
The boulder beetle is moderately wounded.
The boulder beetle completely misses you.
You claw the boulder beetle!
The boulder beetle is heavily wounded.
The boulder beetle bites you!
* * * LOW HITPOINT WARNING * * *
You feel much better.
The boulder beetle leaps!
The shadow strikes at you from the darkness!
Reactivating autopickup.
The boulder beetle curls into a ball and begins rolling!
The shadow hits you.
Things that are here:
a +0 shortbow; a centaur corpse You scratch the shadow but do no damage.
The shadow barely misses you.
You closely miss the shadow. The shadow hits you!
* * * LOW HITPOINT WARNING * * *
You completely miss the shadow.
You scratch the shadow but do no damage.
The shadow hits you!
* * * LOW HITPOINT WARNING * * *
You claw the shadow!
The shadow is severely damaged.
The boulder beetle hits you.
* * * LOW HITPOINT WARNING * * *
The boulder beetle stops rolling and uncurls.
The shadow hits you.
* * * LOW HITPOINT WARNING * * *
You mangle the boulder beetle!!
The boulder beetle is severely wounded.
The boulder beetle barely misses you. The shadow hits you!
You die... ▓▓▓▓▓▓▓▓▓▓▓▓▓▓▓▓▓▓▓▓▓▓ )..[[..'.))...°B@W...+ ▓▓▓▓▓▓▓▓▓▓▓▓▓▓▓▓▓▓▓▓▓▓

You could see a boulder beetle and a shadow.

Vanquished Creatures
  A centaur warrior (D)
  A cyclops (D)
  A hornet (D)
  A shadow (D)
  An ogre (D)
  A laughing skull (D)
  A kobold brigand (D)
  A gnoll sergeant (D)
  A scorpion (D)
  A killer bee (D)
  A howler monkey (D)
  A gnoll bouda (D)
  An orc wizard (D)
  2 orcs (D)
  2 hobgoblins (D)
  2 bats (D)
  A rat (D)
20 creatures vanquished.

Notes
Turn   | Place    | Note
-------+----------+-------------------------------------------
     0 | D        | CougarLife the Troll Gladiator began the quest for the Orb.
     0 | D        | Reached XP level 1. HP: 19/19 MP: 0/0
   123 | D        | Noticed a scorpion
   123 | D        | Noticed a gnoll bouda
   123 | D        | Noticed an ogre
   128 | D        | Killed a scorpion
   129 | D        | Reached skill level 5 in Unarmed Combat
   129 | D        | Reached XP level 2. HP: 30/31 MP: 1/1
   129 | D        | Reached XP level 3. HP: 35/37 MP: 2/2
   140 | D        | Killed an ogre
   141 | D        | Reached skill level 7 in Unarmed Combat
   141 | D        | Reached XP level 4. HP: 26/48 MP: 3/3
   141 | D        | Reached XP level 5. HP: 29/54 MP: 4/4
   167 | D        | Found a snail-covered altar of Cheibriados.
   167 | D        | Found a shadowy altar of Dithmenos.
   167 | D        | Found a white marble altar of Elyvilon.
   167 | D        | Found a blossoming altar of Fedhas.
   167 | D        | Found an opulent altar of Gozag.
   168 | D        | Found a hazy altar of Hepliaklqana.
   169 | D        | Found a viscous altar of Jiyva.
   170 | D        | Found an ancient bone altar of Kikubaaqudgha.
   171 | D        | Became a worshipper of Cheibriados the Contemplative
   172 | D        | Found a corrupted altar of Lugonu.
   173 | D        | Found a burning altar of Makhleb.
   174 | D        | Found a sparkling altar of Nemelex Xobeh.
   175 | D        | Found an iron altar of Okawaru.
   176 | D        | Found a stormy altar of Qazlal.
   177 | D        | Found a sacrificial altar of Ru.
   178 | D        | Found a shimmering blue altar of Sif Muna.
   179 | D        | Found a bloodstained altar of Trog.
   180 | D        | Found a hide-covered altar of Uskayaw.
   181 | D        | Found a radiant altar of Vehumet.
   182 | D        | Found an ornate altar of the Wu Jian Council.
   183 | D        | Found a shimmering altar of Xom.
   184 | D        | Found a basalt altar of Yredelemnul.
   185 | D        | Found a glowing silver altar of Zin.
   186 | D        | Found a glowing golden altar of the Shining One.
   220 | D        | Noticed a shadow
   220 | D        | Noticed a hornet
   224 | D        | Killed a shadow
   225 | D        | Reached skill level 5 in Fighting
   225 | D        | Reached skill level 5 in Throwing
   225 | D        | Reached skill level 5 in Dodging
   225 | D        | Reached skill level 9 in Unarmed Combat
   225 | D        | Reached XP level 6. HP: 32/66 MP: 5/5
   228 | D        | Reached * piety under Cheibriados
   230 | D        | Killed a hornet
   231 | D        | Reached skill level 10 in Unarmed Combat
   231 | D        | Reached XP level 7. HP: 21/75 MP: 6/6
   231 | D        | Reached ** piety under Cheibriados
   245 | D        | Reached *** piety under Cheibriados
   303 | D        | Noticed a cyclops
   303 | D        | Noticed a boulder beetle
   303 | D        | Noticed a shadow
   303 | D        | Noticed a centaur warrior
   305 | D        | Reached skill level 11 in Unarmed Combat
   310 | D        | Killed a cyclops
   311 | D        | Reached XP level 8. HP: 40/84 MP: 7/7
   318 | D        | Killed a centaur warrior
   318 | D        | Reached **** piety under Cheibriados
   319 | D        | Reached skill level 12 in Unarmed Combat
   331 | D        | HP: 1/88 [shadow (4)]
   332 | D        | Mangled by a shadow

Illustrated notes

Levels and vault maps discovered:
D:        linesprint [early_d, line_temple, items_1, d_10, items_2, lair_1,
          lair_end, items_3, orc_1, orc_end, items_4, d_15, swamp_1, shoals_1,
          snake_1, spider_1, d_20, vaults_1, items_5, swamp_end, shoals_end,
          snake_end, spider_end, vaults_end, d_27, items_6, zot_1, zot_end,
          crypt_end, forest_end, elf_end, slime_end, tomb_end, abyss_end,
          pan_hell_end]

Skill      XL: |  1  2  3  4  5  6  7  8 |
---------------+-------------------------+-----
Throwing       | 3 4 5 6 7 8 |  8.4
Fighting       | 3 4 5 6 7 |  7.7
Dodging        | 3 4 5 6 7 8 |  8.0
Unarmed Combat | 5 7 9 10 11 12 | 12.9

Action                     |  1- 3 |  4- 6 |  7- 9 || total
---------------------------+-------+-------+-------++-------
  Melee: Unarmed           |    29 |    10 |    36 ||    75
         Punch             |       |       |     1 ||     1
    Use: Potion            |       |       |     4 ||     4
 Armour: Robe              |    15 |     5 |    28 ||    48
  Dodge: Dodged            |    13 |     5 |    19 ||    37
